 Dungeon Crawl Stone Soup version 0.24-a0-201-gf205589 (console) character file.

Game seed: 1203498692553562878

861 bli the Slasher (level 8, -3/54 HPs)
             Began as an Octopode Fighter on Mar 23, 2019.
             Was an Elder of Ru.
             Slain by an ice beast (7 damage)
             ... on level 6 of the Dungeon.
             The game lasted 00:14:41 (5410 turns).

bli the Slasher (Octopode Fighter)                  Turns: 5410, Time: 00:14:42

Health: -3/54      AC:  1    Str: 15    XL:     8   Next: 2%
Magic:  17/17      EV: 13    Int: 11    God:    Ru [****..]
Gold:   266        SH:  9    Dex: 13    Spells: 7/7 levels left

rFire    . . .     SeeInvis .   a - +0 long sword
rCold    . . .     Gourm    .   b - +0 shield
rNeg     . . .     Faith    .   (helmet restricted)
rPois    .         Spirit   .   (no amulet)
rElec    .         Reflect  .   h - ring of protection from magic
rCorr    +         Harm     .   w - ring of resist corrosion
MR       +....                  I - ring of magical power
Stlth    ++++......             (no ring)
HPRegen  0.18/turn              (no ring)
MPRegen  0.15/turn              (no ring)
                                (no ring)
                                (no ring)

@: no status effects
A: almost no armour, stealthy swim, amphibious, 8 rings, constrict 8, camouflage
1, gelatinous body 1, inability to use devices, inexperienced 1
a: Draw Out Power, Power Leap, Renounce Religion


You were on level 6 of the Dungeon.
You worshipped Ru.
Ru was greatly pleased with you.
You were not hungry.

You visited 2 branches of the dungeon, and saw 7 of its levels.

You collected 266 gold pieces.

Inventory:

Hand Weapons
 a - a +0 long sword (weapon)
 q - a +0 hunting sling
 B - a +0 long sword
 L - a +0 falchion
Missiles
 i - 128 stones
 j - 12 poisoned needles
 l - 3 javelins (quivered)
 p - 51 sling bullets
 K - 8 tomahawks
Armour
 b - a +0 shield (worn)
 A - a +0 large shield
Jewellery
 h - a ring of protection from magic (left tentacle)
 w - a ring of resist corrosion (right tentacle)
 I - a ring of magical power (on tentacle)
Wands
 F - a wand of flame (33)
Scrolls
 e - a scroll of enchant weapon {unknown}
 f - a scroll of amnesia {unknown}
 g - 5 scrolls of teleportation {unknown}
 k - 2 scrolls of remove curse {unknown}
 o - 2 scrolls of magic mapping {unknown}
 s - 5 scrolls of fear {unknown}
 y - 7 scrolls of identify {unknown}
 C - a scroll of blinking {unknown}
 E - a scroll of fog {unknown}
 J - a scroll of noise {unknown}
Potions
 c - a potion of might
 m - 2 potions of berserk rage {unknown}
 n - a potion of flight {unknown}
 r - a potion of heal wounds {unknown}
 t - 5 potions of curing {unknown}
 u - 2 potions of agility {unknown}
 v - a potion of magic {unknown}
 x - a potion of cancellation {unknown}
 z - 2 potions of brilliance {unknown}
 D - a potion of haste {unknown}
 H - a potion of mutation {unknown}
Comestibles
 d - 14 rations
 G - a chunk of flesh


   Skills:
 + Level 4.7 Fighting
 * Level 6.5 Long Blades
 * Level 5.5 Dodging
 + Level 5.2 Stealth
 + Level 3.4 Shields


You had 7 spell levels left.
You didn't know any spells.
Your spell library was empty.

Dungeon Overview and Level Annotations

Branches:
Dungeon (6/15)             Temple (1/1) D:4

Altars:
Ashenzari
Cheibriados
Elyvilon
Fedhas
Hepliaklqana
Kikubaaqudgha
Nemelex Xobeh
Okawaru
Ru
Sif Muna
Trog
Uskayaw
Vehumet
Xom
Yredelemnul
The Shining One


Innate Abilities, Weirdness & Mutations

You cannot wear most types of armour.
You are very stealthy in the water. (Stealth+)
You are amphibious.
You can wear up to eight rings at the same time.
You can use your tentacles to constrict eight enemies at once.
Your skin changes colour to match your surroundings (Stealth+).
Your rubbery body absorbs attacks. (AC +1, EV +1)
You cannot study or use magical devices.
You are somewhat inexperienced. (-2 XL)


Message History

You hit the howler monkey.
You kill the howler monkey!
You block the bullfrog's attack.
You hit the bullfrog. You grab the bullfrog. You squeeze the bullfrog!
The bullfrog is severely wounded.
You constrict the bullfrog.
The ice beast is no longer moving slowly.
The bullfrog hits you!
* * * LOW HITPOINT WARNING * * *
The bullfrog hits you.
* * * LOW HITPOINT WARNING * * *
You hit the bullfrog.
You kill the bullfrog!
You have reached level 8!
You slash the ice beast! Your squeeze misses the ice beast.
The ice beast is almost dead.
The ice beast hits you.
* * * LOW HITPOINT WARNING * * *
The ice beast freezes you!
You die...

######### #<...@Y.#
###.#####†#### #...#
#....# ####.#.#
#.......... ###....#.#
#.#.#.#.#..
###..###.#.####..........
..... #........#.#.#.#..
>##..###.######....$.....
#.........# #.#.#.#.#..
#..#...##.###..........<
#.............


You could see an ice beast.

Vanquished Creatures
  Eustachio (D:4)
  An ice beast (D:4)
  2 ogres (D:5)
  A bullfrog (D:6)
  A howler monkey (D:6)
  2 crimson imps (D:5)
  A bullfrog skeleton (D:4)
  4 hounds
  A centaur skeleton (D:5)
  An iguana (D:5)
  Natasha (thrice) (D:4)
  2 worker ants (D:4)
  2 worker ant zombies
  4 adders
  3 gnolls (D:3)
  An ooze (D:3)
  3 worms
  2 dart slugs
  6 leopard geckos
  5 orcs
  6 bats
  7 giant cockroaches
  11 goblins
  6 hobgoblins
  8 jackals
  4 quokkas
  4 frilled lizards
  11 kobolds
  A leopard gecko skeleton (D:5)
  9 rats
113 creatures vanquished.

Vanquished Creatures (others)
  A bullfrog skeleton (D:4)
1 creature vanquished.

Grand Total: 114 creatures vanquished

Notes
Turn   | Place    | Note
-------+----------+-------------------------------------------
     0 | D:1      | bli the Octopode Fighter began the quest for the Orb.
     0 | D:1      | Reached XP level 1. HP: 16/16 MP: 1/1
    87 | D:1      | Reached XP level 2. HP: 21/21 MP: 2/2
   330 | D:1      | Reached XP level 3. HP: 26/26 MP: 3/3
   833 | D:4      | Reached skill level 1 in Stealth
   882 | D:4      | Noticed Eustachio
   895 | D:4      | Killed Eustachio
   895 | D:4      | Reached skill level 3 in Long Blades
   895 | D:4      | Reached XP level 4. HP: 19/33 MP: 4/4
   895 | D:4      | Reached XP level 5. HP: 22/37 MP: 5/5
  1026 | D:4      | Found a staircase to the Ecumenical Temple.
  1035 | Temple   | Entered the Ecumenical Temple
  1252 | Temple   | Became a worshipper of Ru the Awakened
  1287 | D:4      | Found a white marble altar of Elyvilon.
  1375 | D:4      | Reached XP level 6. HP: 41/43 MP: 6/6
  1478 | D:4      | Noticed Natasha
  1485 | D:4      | Killed Natasha
  1527 | D:4      | Noticed Natasha
  1539 | D:4      | HP: 2/43 [Natasha/magic dart (5)]
  1541 | D:4      | Killed Natasha
  1541 | D:4      | Reached skill level 4 in Long Blades
  2170 | D:2      | Found a blossoming altar of Fedhas.
  2426 | D:2      | Gained mutation: You are somewhat inexperienced. (-2 XL)
                  | [Ru sacrifice]
  2426 | D:2      | Reached XP level 5. HP: 37/37 MP: 5/5
  2426 | D:2      | Reached XP level 4. HP: 33/33 MP: 4/4
  2426 | D:2      | Reached * piety under Ru
  2426 | D:2      | Reached ** piety under Ru
  2823 | D:3      | Reached XP level 5. HP: 23/38 MP: 5/5
  3406 | D:3      | Found a sparkling altar of Nemelex Xobeh.
  3517 | D:4      | Noticed Natasha
  3545 | D:4      | Killed Natasha
  3554 | D:4      | Reached XP level 6. HP: 44/44 MP: 6/6
  3966 | D:5      | Entered Level 5 of the Dungeon
  3968 | D:5      | Noticed an ice beast
  3989 | D:4      | Killed an ice beast
  3989 | D:4      | Reached skill level 5 in Dodging
  4211 | D:5      | Reached skill level 5 in Long Blades
  4296 | D:5      | Reached XP level 7. HP: 43/49 MP: 7/7
  4415 | D:5      | Found a glowing golden altar of the Shining One.
  4526 | D:5      | Found a hazy altar of Hepliaklqana.
  4532 | D:5      | Reached skill level 6 in Long Blades
  4532 | D:5      | Reached skill level 5 in Stealth
  4892 | D:5      | Found a radiant altar of Vehumet.
  5205 | D:6      | Gained mutation: You cannot study or use magical devices.
                  | [Ru sacrifice]
  5205 | D:6      | Reached *** piety under Ru
  5205 | D:6      | Reached **** piety under Ru
  5408 | D:6      | Reached XP level 8. HP: 6/54 MP: 8/8
  5410 | D:6      | Slain by an ice beast

Levels and vault maps discovered:
D:1:      ebering_hopf_link, layout_loops_ring
D:2:      layout_loops_corners, marbit_many_paths
D:3:      layout_rooms, nemelex_altar_shiori, chequers_garden
D:4:      layout_basic, kennysheep_mini_moat, minmay_temple_entry_mist,
          first_ration, uniq_natasha, uniq_eustachio
D:5:      layout_basic, old_standard_altar, nicolae_overflow_hidden_temple,
          old_standard_altar, serial_bayou, serial_bayou_pond_a,
          serial_bayou_pond_d, serial_bayou_ford_a, serial_bayou_lake_a,
          kennysheep_donut
D:6:      layout_loops_ring, nicolae_dithmenos_the_darkroom, serial_glass,
          glass_columns_c, glass_columns_b, glass_columns_a, glass_columns_c,
          glass_columns_a, glass_columns_c, glass_columns_b, glass_columns_a,
          roderic_serpentine_path
Temple:   dpeg_chambers_temple

Skill      XL: |  1  2  3  4  5  6  7 |
---------------+----------------------+-----
Stealth        | 2 4 3 5 |  5.2
Fighting       | 4 |  4.7
Long Blades    | 3 5 6 |  6.5
Dodging        | 4 5 |  5.5
Shields        | |  3.4

Action                   |  1- 3 |  4- 6 |  7- 9 || total
-------------------------+-------+-------+-------++-------
Melee: Long sword        |    69 |   134 |    39 ||   242
       Constrict         |    21 |    34 |     9 ||    64
       Tentacles         |    12 |    27 |    14 ||    53
Throw: Stone             |       |     1 |       ||     1
       Javelin           |       |     1 |       ||     1
Invok: Sacrifice Experie |       |     1 |       ||     1
       Sacrifice Artific |       |       |     1 ||     1
 Stab: Sleeping          |     5 |    18 |     3 ||    26
  Eat: Chunk             |       |    10 |     4 ||    14
Armor: Skin              |     2 |    11 |     1 ||    14
Dodge: Dodged            |    36 |    51 |    20 ||   107
Block: Shield            |    37 |    55 |    11 ||   103
       Rpst.: Long sword |    12 |    18 |     6 ||    36

Table legend:
 A = Non-vault XP
 B = Vault XP
 C = Vault XP percentage of total XP
 D = Non-vault monster count
 E = Vault monster count
 F = Vault count percentage of total count
                 A         B        C        D         E       F
            +---------+---------+-------+---------+---------+-------
      Total |    1358 |     253 |  15.7 |     111 |       3 |   2.6
            +---------+---------+-------+---------+---------+-------
        D:1 |      50 |       0 |   0.0 |      28 |       0 |   0.0
        D:2 |      40 |       1 |   2.4 |      13 |       1 |   7.1
        D:3 |     128 |       0 |   0.0 |      35 |       0 |   0.0
        D:4 |     422 |     252 |  37.4 |      18 |       2 |  10.0
        D:5 |     513 |       0 |   0.0 |      12 |       0 |   0.0
        D:6 |     205 |       0 |   0.0 |       5 |       0 |   0.0
            +---------+---------+-------+---------+---------+-------
